 Dungeon Crawl Stone Soup version 0.27-a0-366-g8badd94918 (webtiles) character file.

Game seed: 8445670809305743391

65197 jestyr24 the Blocker (level 14, -19/141 HPs)
             Began as a Troll Fighter on Feb 17, 2021.
             Was a High Priest of Qazlal.
             Demolished by a dire elephant (39 damage)
             ... on level 6 of the Lair of Beasts.
             The game lasted 02:23:27 (17701 turns).

jestyr24 the Blocker (Troll Fighter)               Turns: 17701, Time: 02:23:27

Health: -19/141    AC: 16    Str: 31    XL:     14   Next: 74%
Magic:  16/16      EV: 16    Int:  4    God:    Qazlal [*****.]
Gold:   1496       SH: 25    Dex: 17    Spells: 13/13 levels left

rFire    + + .     SeeInvis +     - Unarmed
rCold    . . .     Faith    .   b - +0 kite shield
rNeg     . . .     Spirit   .   I - +2 robe {rF+}
rPois    .         Reflect  +   (helmet restricted)
rElec    .         Harm     .   n - +2 cloak
rCorr    .         Rampage  .   (gloves unavailable)
Will     +....                  (boots unavailable)
Stlth    +.........             N - amulet of the Messenger {Reflect Dex+6 SH+5}
HPRegen  1.33/turn              F - ring of see invisible
MPRegen  0.15/turn              M - +4 ring of protection

@: protected from physical damage, studying Ice Magic, repel missiles
A: large, unfitting armour, claws 3, horns 1, agile 1, fire resistance 1,
regeneration 1, shaggy fur 1, tough skin 1
a: Renounce Religion, Upheaval, Elemental Force, Disaster Area


You were on level 6 of the Lair of Beasts.
You worshipped Qazlal.
Qazlal was extremely pleased with you.
You visited 2 branches of the dungeon, and saw 18 of its levels.
You visited the Abyss 1 time.
You also visited: Ice Cave and Volcano.

You collected 1496 gold pieces.

Inventory:

Hand Weapons
 x - a +6 vorpal flail
 B - a +2 demon whip of pain
Missiles
 g - 97 poisoned darts (quivered)
 v - 7 atropa-tipped darts
 G - 299 stones
 H - 2 boomerangs of dispersal
 T - 8 boomerangs
Armour
 b - a +0 kite shield (worn)
 n - a +2 cloak (worn)
 p - a +1 robe of willpower
 I - a +2 robe of fire resistance (worn)
 Q - a +0 robe of cold resistance
 R - a +1 cloak of cold resistance
Jewellery
 w - a ring of flight
 y - a +6 ring of dexterity
 z - a ring of protection from fire
 F - a ring of see invisible (left claw)
 M - a +4 ring of protection (right claw)
 N - the amulet of the Messenger (around neck) {Reflect Dex+6 SH+5}
   (You found it on level 2 of the Lair of Beasts)

   [amulet of reflection]

   It shields you and reflects attacks.
   It affects your dexterity (+6).
   It affects your SH (+5).
 O - an amulet of regeneration
 Z - an amulet of guardian spirit
Wands
 i - a wand of mindburst (32)
 r - a wand of charming (3)
 t - a wand of polymorph (12)
 A - a wand of iceblast (43)
 K - a wand of digging (4)
 W - a wand of flame (13)
 X - a wand of acid (7)
Scrolls
 e - 2 scrolls of magic mapping
 h - 3 scrolls of fog
 j - 5 scrolls of amnesia
 m - 5 scrolls of teleportation
 o - a scroll of blinking
 q - 20 scrolls of identify
 s - 3 scrolls of enchant weapon
 C - 2 scrolls of enchant armour
 Y - 2 scrolls of immolation
Potions
 a - a potion of resistance
 c - 4 potions of might
 d - 6 potions of haste
 f - 2 potions of lignification
 k - 2 potions of heal wounds
 l - 6 potions of curing
 u - 2 potions of mutation
 D - 2 potions of brilliance
 E - a potion of flight


   Skills:
 - Level 9.7 Fighting
 + Level 4.1 Maces & Flails
 - Level 1.9 Throwing
 - Level 9.8 Dodging
 - Level 0.6 Stealth
 + Level 13.6 Shields
 - Level 11.7 Unarmed Combat
 - Level 5.3 Invocations


You had 13 spell levels left.
You didn't know any spells.
Your spell library contained the following spells:

 Spells                   Type           Power        Failure   Level
 Magic Dart               Conj           0%           50%         1
 Sandblast                Erth           0%           50%         1
 Shock                    Conj/Air       0%           50%         1
 Summon Small Mammal      Summ           0%           50%         1
 Blink                    Tloc           N/A          65%         2
 Call Imp                 Summ           0%           65%         2
 Passwall                 Tmut/Erth      0%           65%         2
 Slow                     Hex            0%           65%         2
 Swiftness                Air            0%           65%         2
 Call Canine Familiar     Summ           0%           86%         3
 Conjure Flame            Conj/Fire      0%           86%         3
 Mephitic Cloud           Conj/Pois/Air  0%           86%         3
 Static Discharge         Conj/Air       0%           86%         3
 Stone Arrow              Conj/Erth      0%           86%         3
 Summon Guardian Golem    Hex/Summ       0%           86%         3
 Airstrike                Air            0%           99%         4
 Petrify                  Tmut/Erth      0%           99%         4
 Summon Ice Beast         Ice/Summ       0%           99%         4
 Summon Lightning Spire   Summ/Air       0%           99%         4
 Lee's Rapid Deconstruct  Erth           0%           100%        5
 Lightning Bolt           Conj/Air       0%           100%        5


Dungeon Overview and Level Annotations

Branches:
Dungeon (12/15)            Temple (0/1) D:6            Lair (6/6) D:8
 Shoals (0/4) Lair:4        Snake (0/4) Lair:3        Slime (0/5) Lair:5
    Orc (0/2) D:9           IceCv (visited)         Volcano (visited)

Altars:
Ashenzari
Cheibriados
Dithmenos
Elyvilon
Fedhas
Gozag
Kikubaaqudgha
Makhleb
Nemelex Xobeh
Qazlal
Ru
Yredelemnul
Jiyva

Shops:
D:11 [


Innate Abilities, Weirdness & Mutations

You are too large for most types of armour.
You have claws for hands.
Your natural rate of healing is unusually fast.
You are covered in fur. (AC +1)
You have tough skin. (AC +1)
You have a pair of small horns on your head.
You are agile. (Dex +2)
Your flesh is heat resistant. (rF+)


Message History

The dire elephant tramples you!!
You stumble backwards!
You scratch the dire elephant but do no damage.
You headbutt the dire elephant, but do no damage.
The dire elephant is heavily wounded.
You block the dire elephant's attack. The dire elephant closely misses you.
You block the dire elephant's attack. x2; The dire elephant tramples you!
You hold your ground!
The dire elephant trunk-slaps you but does no damage.
You completely miss the dire elephant. You headbutt the dire elephant!
The dire elephant is severely wounded.
You block the dire elephant's attack. x3
The dire elephant trunk-slaps you but does no damage.
You barely miss the dire elephant.
The dire elephant is heavily wounded.
The dire elephant closely misses you.
The dire elephant trunk-slaps you but does no damage.
You block the dire elephant's attack. x2
You mangle the dire elephant!! You headbutt the dire elephant.
The dire elephant is almost dead.
The dire elephant tramples you!
You feel more protected from physical attacks.
You hold your ground!
You block the dire elephant's attack. x3
You claw the dire elephant!
The dire elephant is almost dead.
You block the dire elephant's attack. x2; The dire elephant tramples you!!
You hold your ground!
The dire elephant completely misses you.
The dire elephant tramples you!!
* * * LOW HITPOINT WARNING * * *
You feel more protected from physical attacks.
You hold your ground!
You block the dire elephant's attack.
Blink to where?
Press: ? - help, Dir - move target
As you read the scroll of blinking, it crumbles to dust.
A dire elephant comes into view.
You block the dire elephant's attack. x2
There is an open door here.
You block the dire elephant's attack. x2
The dire elephant tramples you!!!
You die...

#.....## *** ♣.....###
**,* ######.......##
##♣8** #P..##......#..
#..♣* #...##..#......
##..# #..P##...#.....
#...## #...##..#......
#....#####...##........P
#....#.@.'...#♣......†..
#....'Y.######..#....###
#.P..#8...# #♣.....(## #
#...#####.# ♣.......#
###..'..#.##♣......## #
##.'..#..##......## ##
#.#..##.##.......###.
###...#.###.......##.
#8Y8#...#♣.....####


You could see a dire elephant.

Vanquished Creatures
  A balrug (Abyss:2)
  The ghost of Kuris the Covert, a journeyman DsCK of Xom (Lair:5)
  Josephine (D:11)
  10 hydras
  A boulder beetle (Lair:6)
  An anaconda (Lair:6)
  A dancing weapon (Volcano)
  5 death yaks (Lair:2)
  A two-headed ogre (D:9)
  3 starcursed masses (Abyss:2)
  A sun demon (Abyss:2)
  3 skeletal warriors (D:11)
  An unseen horror (D:12)
  Pikel (D:7)
  A necromancer (IceCv)
  5 wizards (Volcano)
  A wolf spider zombie (Abyss:2)
  A deep elf pyromancer (D:12)
  An ugly thing (D:12)
  A large abomination (Abyss:2)
  An oklob plant (Lair:5)
  A cyclops (D:11)
  2 merfolk sirens (Lair:4)
  7 elephants
  5 toenail golems (Volcano)
  A centaur zombie (D:12)
  An ice statue (IceCv)
  4 black mambas
  2 gargoyles
  13 cane toads
  Psyche (D:9)
  11 komodo dragons
  10 freezing wraiths (IceCv)
  A rime drake (Lair:5)
  2 kobold demonologists
  2 red devils (Abyss:2)
  2 merfolk (Lair:4)
  A polar bear (Lair:5)
  Prince Ribbit (D:6)
  16 blink frogs
  A troll (D:11)
  11 raiju (Abyss:2)
  5 slime creatures
  A shadow (D:11)
  14 yaks
  A ynoxinul (Abyss:2)
  2 wyverns
  4 wraiths (D:11)
  2 basilisks
  2 death yak simulacra (IceCv)
  A chaos spawn (Abyss:2)
  Menkaure (D:4)
  Edmund (D:5)
  18 water moccasins
  9 orc warriors
  4 sky beasts
  4 black bears
  An alligator simulacrum (IceCv)
  10 ice beasts
  A necrophage (D:8)
  10 ogres
  13 wolves
  3 centaurs
  2 lemures (D:7)
  2 phantoms
  Blork the orc (D:5)
  20 bullfrogs
  A kobold brigand (D:2)
  A scorpion (D:11)
  4 killer bees (D:10)
  9 wights
  6 electric eels
  3 draconian simulacra (IceCv)
  A quasit (Abyss:2)
  12 hounds
  5 orc priests
  2 bullfrog skeletons
  A jelly (D:6)
  A bullfrog zombie (D:11)
  3 centaur skeletons
  An iron imp (D:9)
  5 iguanas
  5 hell rats (Lair:5)
  8 orc wizards
  3 troll simulacra (IceCv)
  8 worker ants
  A polar bear simulacrum (IceCv)
  3 spriggan simulacra (IceCv)
  2 centaur simulacra (IceCv)
  A mummy (D:4)
  A worker ant zombie (D:11)
  7 naga simulacra (IceCv)
  25 adders
  2 ogre simulacra (IceCv)
  14 white imps
  6 ufetubi
  2 oozes
  2 adder skeletons
  4 worms
  2 dart slugs
  4 leopard geckos
  54 orcs
  A ball python (D:3)
  5 bats
  8 giant cockroaches
  3 goblins
  9 hobgoblins
  9 jackals
  5 kobolds
  3 quokkas
  6 frilled lizards
  A hobgoblin zombie (D:4)
  A jackal skeleton (D:5)
  A jackal zombie (D:3)
  2 kobold zombies (D:4)
  An orc zombie (D:4)
  A quokka skeleton (D:8)
  6 rats
540 creatures vanquished.

Vanquished Creatures (collateral kills)
  2 hydras
  A water moccasin (Lair:3)
3 creatures vanquished.

Vanquished Creatures (others)
  An orc wizard (D:6)
  An ufetubus (Abyss:2)
  An orc (D:11)
  A bush (Lair:5)
  28 fungi
  127 plants
159 creatures vanquished.

Grand Total: 702 creatures vanquished

Notes
Turn   | Place    | Note
-------+----------+-------------------------------------------
     0 | D:1      | jestyr24 the Troll Fighter began the quest for the Orb.
     0 | D:1      | Reached XP level 1. HP: 22/22 MP: 0/0
   328 | D:1      | Reached XP level 2. HP: 29/29 MP: 1/1
   864 | D:2      | Noticed a kobold brigand
   884 | D:2      | Killed a kobold brigand
   885 | D:2      | Reached XP level 3. HP: 33/37 MP: 2/2
   885 | D:2      | Reached XP level 4. HP: 41/45 MP: 3/3
  1013 | D:2      | Reached skill level 3 in Shields
  1056 | D:2      | Found a faded altar of an unknown god.
  1093 | D:2      | Found a basalt altar of Yredelemnul.
  1591 | D:3      | Reached XP level 5. HP: 53/53 MP: 4/4
  1728 | D:3      | Found a broken altar of Ashenzari.
  2470 | D:4      | Noticed an ogre
  2480 | D:4      | Killed an ogre
  2481 | D:4      | Reached XP level 6. HP: 61/61 MP: 5/5
  2485 | D:4      | Found a shadowy altar of Dithmenos.
  2507 | D:4      | Found a sacrificial altar of Ru.
  2507 | D:4      | Found an opulent altar of Gozag.
  2705 | D:4      | Noticed Menkaure
  2712 | D:4      | Killed Menkaure
  2868 | D:4      | Found a stormy altar of Qazlal.
  2869 | D:4      | Found a blossoming altar of Fedhas.
  2876 | D:4      | Became a worshipper of Qazlal Stormbringer
  2893 | D:4      | Found an ancient bone altar of Kikubaaqudgha.
  2896 | D:4      | Reached XP level 7. HP: 67/67 MP: 6/6
  3074 | D:4      | Found a white marble altar of Elyvilon.
  3281 | D:4      | Reached skill level 4 in Shields
  3281 | D:4      | Reached skill level 5 in Unarmed Combat
  3439 | D:4      | Found a sparkling altar of Nemelex Xobeh.
  3518 | D:5      | Entered Level 5 of the Dungeon
  3522 | D:5      | Noticed Blork the orc
  3540 | D:5      | Killed Blork the orc
  3624 | D:5      | Reached XP level 8. HP: 78/78 MP: 7/7
  3748 | D:5      | Noticed Edmund
  3751 | D:5      | Reached * piety under Qazlal
  3756 | D:5      | Killed Edmund
  4344 | D:6      | Found a staircase to the Ecumenical Temple.
  4358 | D:6      | Noticed Prince Ribbit
  4369 | D:6      | Killed Prince Ribbit
  4370 | D:6      | Reached skill level 5 in Dodging
  4370 | D:6      | Reached skill level 5 in Shields
  4633 | D:6      | Reached ** piety under Qazlal
  4777 | D:7      | Reached XP level 9. HP: 78/87 MP: 8/8
  4813 | D:7      | Noticed Pikel
  4838 | D:7      | Killed Pikel
  4839 | D:7      | Reached skill level 5 in Fighting
  5038 | D:7      | Found a burning altar of Makhleb.
  5450 | D:8      | Found a staircase to the Lair.
  5451 | D:8      | Noticed a komodo dragon
  5476 | D:8      | Killed a komodo dragon
  5540 | D:8      | Reached skill level 6 in Shields
  5853 | D:8      | Reached XP level 10. HP: 93/98 MP: 9/9
  6361 | D:9      | Found a broken altar of Ashenzari.
  6361 | D:9      | Noticed Psyche
  6611 | D:9      | Noticed a two-headed ogre
  6623 | D:9      | Killed a two-headed ogre
  6627 | D:9      | Reached *** piety under Qazlal
  6664 | D:9      | Found a snail-covered altar of Cheibriados.
  6703 | D:9      | Killed Psyche
  6704 | D:9      | Reached skill level 10 in Unarmed Combat
  6996 | D:9      | Reached skill level 7 in Shields
  7041 | D:9      | Found a staircase to the Orcish Mines.
  7064 | D:10     | Entered Level 10 of the Dungeon
  7277 | D:10     | Noticed a gargoyle
  7283 | D:10     | Killed a gargoyle
  7401 | D:10     | Reached **** piety under Qazlal
  7406 | D:10     | Gained mutation: You are agile. (Dex +2) [potion of
                  | mutation]
  7406 | D:10     | Gained mutation: Your flesh is heat resistant. (rF+)
                  | [potion of mutation]
  7406 | D:10     | Gained mutation: You have a pair of small horns on your
                  | head. [potion of mutation]
  8008 | D:11     | Noticed a gargoyle
  8015 | D:11     | Killed a gargoyle
  8016 | D:11     | Reached XP level 11. HP: 104/107 MP: 10/10
  8073 | D:11     | Reached skill level 1 in Throwing
  8210 | D:11     | Noticed Josephine
  8216 | D:11     | Noticed an eight-headed hydra
  8226 | D:11     | Killed Josephine
  8286 | D:11     | Killed an 11-headed hydra
  8545 | D:11     | Reached ***** piety under Qazlal
  8756 | D:11     | Found Seshrid Qoteo's Armour Boutique.
  8954 | D:12     | Noticed a skeletal warrior
  8957 | D:12     | Noticed a skeletal warrior
  8958 | D:12     | Noticed a skeletal warrior
  8979 | D:11     | Reached skill level 8 in Shields
  8979 | D:11     | Killed a skeletal warrior
  9036 | D:11     | Killed a skeletal warrior
  9141 | D:12     | Noticed an unseen horror
  9149 | D:12     | Killed an unseen horror
  9194 | D:12     | Noticed a five-headed hydra
  9196 | D:12     | Noticed a deep elf pyromancer
  9203 | D:12     | Killed a six-headed hydra
  9215 | D:12     | Killed a deep elf pyromancer
  9318 | D:12     | Reached XP level 12. HP: 116/119 MP: 11/11
  9382 | D:12     | Reached skill level 9 in Shields
  9990 | Lair:1   | Entered Level 1 of the Lair of Beasts
 10226 | Lair:1   | Noticed a six-headed hydra
 10584 | Lair:1   | Killed a 13-headed hydra
 10585 | Lair:1   | Reached skill level 1 in Invocations
 10620 | Lair:1   | Reached skill level 10 in Shields
 11279 | Lair:2   | Got a vibrating emerald amulet
 11349 | Lair:1   | Identified the amulet of the Messenger {Reflect Dex+6 SH+5}
                  | (You found it on level 2 of the Lair of Beasts)
 11388 | Lair:2   | Noticed an eight-headed hydra
 11407 | Lair:1   | Killed a 12-headed hydra
 11528 | Lair:2   | Reached XP level 13. HP: 126/130 MP: 12/14
 11606 | Lair:2   | Found a frozen archway.
 11615 | IceCv    | Entered an ice cave
 11751 | IceCv    | Reached skill level 11 in Shields
 12068 | IceCv    | Found an ancient bone altar of Kikubaaqudgha.
 13427 | Lair:3   | Found a staircase to the Snake Pit.
 14092 | Lair:4   | HP: 5/131 [six-headed hydra (10)]
 14621 | Lair:4   | Reached skill level 1 in Maces & Flails
 14623 | Lair:4   | Found a staircase to the Shoals.
 14752 | Lair:4   | Reached skill level 5 in Invocations
 15256 | Lair:5   | Reached XP level 14. HP: 140/140 MP: 16/16
 15564 | Lair:5   | Found a staircase to the Slime Pits.
 15565 | Lair:5   | Found a viscous altar of Jiyva.
 15602 | Lair:5   | Found a runed translucent door.
 15604 | Lair:5   | Noticed Kuris's ghost (journeyman DsCK)
 15794 | Lair:5   | Reached skill level 12 in Shields
 16398 | Lair:5   | Killed Kuris's ghost
 16471 | Lair:6   | Entered Level 6 of the Lair of Beasts
 16988 | Lair:6   | Found a dark tunnel.
 16995 | Volcano  | Entered a volcano
 17084 | Volcano  | Cast into level 2 of the Abyss (a wizard)
 17099 | Abyss:2  | Noticed a balrug
 17104 | Abyss:2  | Killed a balrug
 17147 | Abyss:2  | Reached skill level 13 in Shields
 17193 | Abyss:2  | Noticed a starcursed mass
 17246 | Volcano  | Escaped the Abyss
 17701 | Lair:6   | Demolished by a dire elephant

Illustrated notes

Levels and vault maps discovered:
D:1:      dpeg_arrival_refuge, layout_basic, st_stairs_12
D:2:      layout_loops_ring, nicolae_overflow_hidden_temple,
          chequers_ecumenical_altar_simple, serial_park_tiny_1
D:3:      layout_basic, cheibrodos_ashenzari_chains
D:4:      layout_basic, grunt_temple_overflow_forces_of_nature,
          elyvilon_altar_5, nemelex_xobeh_ov_fountains_minmay,
          overflow_temple_1_default, chequers_temple_overflow_statue_of_worship,
          minmay_mini_ossuary, uniq_menkaure
D:5:      layout_rooms, uniq_blork_the_orc, uniq_edmund
D:6:      layout_basic, minmay_temple_entry_mini_moons, uniq_prince_ribbit1
D:7:      layout_rooms, overflow_temple_1_default, uniq_pikel
D:8:      layout_basic, david_lair_shrubbed
D:9:      layout_rooms, slow_altar_1, hiddenorc1_lemuel, basic_altar,
          kennysheep_generic_room_3, uniq_psyche
D:10:     layout_basic
D:11:     layout_basic, serial_shops, kennysheep_mini, minivault_16,
          uniq_josephine
D:12:     layout_irregular_city
Lair:1:   layout_cave_pods, serial_bayou_lake_a, grunt_megastairs_1
Lair:2:   layout_gridlike, portal_ice_cave_entry_pillars_2, grunt_megastairs_3,
          infiniplex_staircase_pool_2, serial_bayou_shore_b, lemuel_fruit_tree
Lair:3:   layout_chaotic_city, minmay_snake_entry_six_corridors, minivault_11,
          kennysheep_catoblepas_arena, serial_bayou_shore_a,
          infiniplex_staircase_pool
Lair:4:   layout_regular_city, elwin_shoals_entry_stream, st_stairs_7,
          grunt_megastairs_2, serial_bayou_shore_b
Lair:5:   layout_roguey, slime_altar_1, ebering_ghost_inner_flame,
          serial_forest, infiniplex_forest_end_1, infiniplex_forest_lined_2,
          infiniplex_forest_fountain, infiniplex_forest_end_2,
          infiniplex_forest_end_1, infiniplex_forest_lined_4_way,
          infiniplex_forest_clump_tiny, infiniplex_forest_clump_cross,
          infiniplex_forest_clump_tiny, infiniplex_forest_clump_large,
          minmay_lair_oklob_items
Lair:6:   due_jungle_book, layout_misc_corridors,
          nicolae_volcano_entry_lava_flow, minivault_19, grunt_megastairs_5,
          serial_bayou_shore_b

Skill      XL: |  1  2  3  4  5  6  7  8  9 10 11 12 13 14 |
---------------+-------------------------------------------+-----
Fighting       | 3 4 5 6 7 8 9 |  9.7
Dodging        | 3 4 5 6 7 8 9 |  9.8
Shields        | 3 4 5 6 7 8 10 11 13 | 13.6
Unarmed Combat | 3 4 5 7 9 10 11 | 11.7
Throwing       | 1 |  1.9
Invocations    | 2 5 |  5.3
Maces & Flails | 1 4 |  4.1
Stealth        | |  0.6

Action                   |  1- 3 |  4- 6 |  7- 9 | 10-12 | 13-15 || total
-------------------------+-------+-------+-------+-------+-------++-------
Melee: Unarmed           |    35 |   159 |   377 |   568 |   600 ||  1739
       Headbutt          |       |       |       |   117 |   259 ||   376
       Flail             |       |       |       |       |    84 ||    84
Throw: Dart              |       |       |       |    27 |    18 ||    45
Invok: Elemental Force   |       |       |       |     2 |     4 ||     6
       Upheaval          |       |       |       |     2 |     4 ||     6
       Disaster Area     |       |       |       |       |     1 ||     1
  Use: Scroll            |       |       |     8 |     3 |     8 ||    19
       Potion            |       |       |     4 |     3 |     5 ||    12
 Stab: Sleeping          |       |       |     1 |       |       ||     1
Armor: Robe              |    10 |    51 |    93 |    86 |    63 ||   303
       Skin              |       |       |       |       |    34 ||    34
Dodge: Dodged            |    14 |    51 |   102 |   216 |   276 ||   659
       Repelled          |       |       |       |     3 |     3 ||     6
Block: Kite shield       |    19 |    81 |   200 |   495 |   717 ||  1512
       Reflection        |       |       |       |       |     7 ||     7

Table legend: (Time is in decaauts)
 A = Elapsed time spent in this place.
 B = Non-inter-level travel time spent in this place.
 C = Inter-level travel time spent in this place.
 D = Time resting spent in this place.
 E = Time spent auto-exploring this place.
 F = Levels seen in this place.
 G = Mean time per level.
                   A        B        C        D        E       F      G
               +--------+--------+--------+--------+--------+-----+--------+
         Total |  17635 |  16837 |    798 |   1291 |   8364 |  21 |  839.8 |
       Dungeon |  10037 |   9722 |    315 |    482 |   5815 |  12 |  836.4 |
          Lair |   6561 |   6078 |    483 |    714 |   2549 |   6 | 1093.5 |
         Abyss |    140 |    140 |      0 |      0 |      0 |   1 |  140.0 |
      Ice Cave |    626 |    626 |      0 |     71 |      0 |   1 |  626.0 |
       Volcano |    269 |    269 |      0 |     24 |      0 |   1 |  269.0 |
               +--------+--------+--------+--------+--------+-----+--------+

Top non-repeatable levels by time:
  Lair:5: 1500 daAuts
  Lair:1: 1300 daAuts
  Lair:4: 1179 daAuts
    D:11: 1129 daAuts
     D:8: 1082 daAuts
  Lair:3: 1071 daAuts
     D:4: 1058 daAuts
  Lair:2: 1036 daAuts
    D:10: 935 daAuts
     D:3: 914 daAuts
     D:1: 845 daAuts
    D:12: 775 daAuts
     D:2: 735 daAuts
     D:6: 708 daAuts
     D:9: 682 daAuts
